[ AOE2 MATCH · #506207989 ]
UnrankedFranks vs Tupi
Player's team · WIN
Rival team · LOSS
[ REPLAY ANALYSIS · EXTRACTED FROM THE RECORDED GAME ]
Feudal
8:51
Castle
20:59
Imperial
—
| APM avg | 66.7 |
| APM peak | 111 |
| eAPM avg | 32.1 |
| Villagers / military | 93 / 38 |
Focus
⚔️ 50.9% · 🌾 49.1%
Knight ×20 · Scout Cavalry ×12 · Battering Ram ×5 · Mangonel ×1
Feudal
10:30
Castle
14:11
Imperial
—
| APM avg | 57.2 |
| APM peak | 98 |
| eAPM avg | 17.9 |
| Villagers / military | 57 / 2 |
Focus
⚔️ 31.4% · 🌾 68.6%
Unknown (2579) ×32 · Monk ×2
Match map
Initial resources + every placement click. Lines = walls · curves = elevation contours. ◆ gold · ⬟ stone · ● berries · ✦ relic · ◌ wall gap
Your base· ✓ Closed at 20:59 · 37t walls · 1 gate(s)
Old Boris's base· Open — unwalled flank
Smoothed initial terrain · ◌ = detected wall gap · hover for details
Inputs per minute
— Muzio - - Old Boris
Build order — Muzio
First 150 of 234 actions detected
| 0:00 | Queue | Villager (Male) |
| 0:02 | Build | House |
| 0:03 | Build | House |
| 0:07 | Queue | Villager (Male) |
| 0:08 | Queue | Villager (Male) |
| 0:08 | Queue | Villager (Male) |
| 1:24 | Queue | Villager (Male) |
| 1:47 | Build | Lumber Camp |
| 1:50 | Queue | Villager (Male) |
| 1:50 | Queue | Villager (Male) |
| 2:18 | Queue | Villager (Male) |
| 2:48 | Queue | Villager (Male) |
| 2:55 | Queue | Villager (Male) |
| 3:28 | Queue | Villager (Male) |
| 3:28 | Queue | Villager (Male) |
| 3:51 | Build | House |
| 4:00 | Queue | Villager (Male) |
| 4:00 | Queue | Villager (Male) |
| 4:09 | Build | House |
| 4:31 | Queue | Villager (Male) |
| 4:32 | Queue | Villager (Male) |
| 4:32 | Queue | Villager (Male) |
| 4:56 | Build | Mill |
| 4:58 | Queue | Villager (Male) |
| 4:58 | Queue | Villager (Male) |
| 5:21 | Queue | Villager (Male) |
| 5:50 | Queue | Villager (Male) |
| 6:04 | Research | Loom |
| 6:38 | Research | Feudal Age |
| 7:17 | Queue | Villager (Male) |
| 7:30 | Build | Barracks |
| 7:45 | Build | Palisade Wall |
| 7:46 | Build | Palisade Wall |
| 7:47 | Build | Palisade Wall |
| 8:08 | Build | House |
| 8:14 | Build | House |
| 8:24 | Queue | Villager (Male) |
| 8:51 | Age | Feudal Age |
| 8:52 | Build | Stable |
| 9:06 | Research | Double-Bit Axe |
| 9:07 | Research | Double-Bit Axe |
| 9:07 | Research | Double-Bit Axe |
| 9:20 | Queue | Villager (Male) |
| 9:36 | Queue | Scout Cavalry |
| 9:37 | Queue | Scout Cavalry |
| 9:37 | Queue | Scout Cavalry |
| 9:39 | Queue | Villager (Male) |
| 9:39 | Queue | Villager (Male) |
| 9:44 | Queue | Villager (Male) |
| 9:49 | Build | House |
| 10:09 | Build | Watch Tower |
| 10:16 | Build | Mining Camp |
| 10:18 | Queue | Villager (Male) |
| 10:24 | Queue | Scout Cavalry |
| 10:46 | Build | Watch Tower |
| 10:51 | Queue | Villager (Male) |
| 10:59 | Build | House |
| 11:06 | Queue | Scout Cavalry |
| 11:14 | Build | Farm |
| 11:15 | Build | Farm |
| 11:41 | Queue | Scout Cavalry |
| 11:41 | Queue | Scout Cavalry |
| 11:50 | Build | Watch Tower |
| 11:54 | Build | Farm |
| 11:54 | Queue | Villager (Male) |
| 11:54 | Queue | Villager (Male) |
| 12:55 | Queue | Villager (Male) |
| 12:57 | Build | Farm |
| 12:58 | Build | Farm |
| 13:08 | Queue | Villager (Male) |
| 13:10 | Build | Farm |
| 13:16 | Build | Farm |
| 13:17 | Queue | Villager (Male) |
| 13:40 | Build | Watch Tower |
| 13:47 | Queue | Villager (Male) |
| 13:49 | Build | Farm |
| 13:59 | Queue | Villager (Male) |
| 14:04 | Build | House |
| 14:05 | Build | House |
| 14:38 | Build | Stone Wall |
| 15:00 | Queue | Villager (Male) |
| 15:16 | Build | Palisade Wall |
| 15:18 | Build | Mining Camp |
| 15:25 | Build | Lumber Camp |
| 15:26 | Queue | Villager (Male) |
| 15:35 | Build | House |
| 15:39 | Build | Stone Wall |
| 15:46 | Queue | Villager (Male) |
| 15:53 | Build | Watch Tower |
| 16:00 | Queue | Villager (Male) |
| 16:25 | Build | Stone Wall |
| 16:33 | Queue | Villager (Male) |
| 16:41 | Build | Blacksmith |
| 17:01 | Build | Farm |
| 17:02 | Queue | Villager (Male) |
| 17:07 | Build | House |
| 17:11 | Build | Stone Wall |
| 17:28 | Build | Watch Tower |
| 17:39 | Build | Farm |
| 17:57 | Build | Gate |
| 18:13 | Build | Farm |
| 18:19 | Research | Castle Age |
| 18:25 | Build | House |
| 18:37 | Build | Stone Wall |
| 18:49 | Build | Lumber Camp |
| 18:59 | Build | Farm |
| 19:09 | Queue | Scout Cavalry |
| 19:15 | Build | Farm |
| 19:17 | Queue | Villager (Male) |
| 19:30 | Build | Farm |
| 19:31 | Build | Farm |
| 19:48 | Research | Scale Barding Armor |
| 19:49 | Research | Scale Barding Armor |
| 19:56 | Build | Watch Tower |
| 20:52 | Build | Stone Wall |
| 20:54 | Queue | Villager (Male) |
| 20:59 | Age | Castle Age |
| 21:02 | Research | Light Cavalry (upgrade) |
| 21:02 | Research | Light Cavalry (upgrade) |
| 21:04 | Build | Town Center |
| 21:14 | Queue | Villager (Male) |
| 21:47 | Queue | Villager (Male) |
| 21:56 | Research | Husbandry |
| 21:57 | Queue | Scout Cavalry |
| 22:07 | Queue | Villager (Male) |
| 22:17 | Queue | Villager (Male) |
| 22:17 | Queue | Villager (Male) |
| 22:29 | Build | Town Center |
| 22:33 | Queue | Villager (Male) |
| 22:33 | Queue | Villager (Male) |
| 22:48 | Queue | Villager (Male) |
| 22:57 | Queue | Villager (Male) |
| 23:11 | Build | Farm |
| 23:12 | Build | Farm |
| 23:15 | Build | Farm |
| 23:21 | Queue | Villager (Male) |
| 23:22 | Queue | Villager (Male) |
| 23:31 | Queue | Villager (Male) |
| 23:31 | Queue | Villager (Male) |
| 23:33 | Build | House |
| 23:47 | Build | Farm |
| 23:50 | Queue | Scout Cavalry |
| 24:08 | Queue | Scout Cavalry |
| 24:09 | Queue | Scout Cavalry |
| 24:12 | Build | Farm |
| 24:13 | Build | Farm |
| 24:15 | Build | Farm |
| 24:15 | Queue | Villager (Male) |
| 24:17 | Build | Farm |
| 24:17 | Build | Farm |
Build order — Old Boris
First 150 of 152 actions detected
| 0:00 | Queue | Villager (Male) |
| 0:00 | Queue | Villager (Male) |
| 0:01 | Queue | Villager (Male) |
| 0:01 | Queue | Villager (Male) |
| 0:02 | Build | House |
| 0:03 | Build | House |
| 1:06 | Queue | Villager (Male) |
| 1:35 | Queue | Villager (Male) |
| 2:09 | Queue | Villager (Male) |
| 2:32 | Build | Settlement |
| 2:34 | Queue | Villager (Male) |
| 2:38 | Queue | Villager (Male) |
| 3:38 | Queue | Villager (Male) |
| 3:38 | Queue | Villager (Male) |
| 3:50 | Queue | Villager (Male) |
| 4:27 | Queue | Villager (Male) |
| 4:43 | Build | Settlement |
| 4:56 | Queue | Villager (Male) |
| 4:56 | Queue | Villager (Male) |
| 5:42 | Queue | Villager (Male) |
| 5:56 | Queue | Villager (Male) |
| 5:56 | Queue | Villager (Male) |
| 6:00 | Queue | Villager (Male) |
| 6:31 | Research | Loom |
| 7:36 | Research | Feudal Age |
| 8:17 | Queue | Villager (Male) |
| 8:17 | Queue | Villager (Male) |
| 9:01 | Build | Palisade Wall |
| 9:02 | Build | Palisade Wall |
| 9:08 | Build | Palisade Wall |
| 9:10 | Build | Palisade Wall |
| 9:12 | Build | Palisade Wall |
| 9:13 | Build | Palisade Wall |
| 9:15 | Build | Palisade Wall |
| 9:16 | Build | Palisade Wall |
| 9:17 | Build | Palisade Wall |
| 9:40 | Build | Palisade Wall |
| 9:41 | Build | Palisade Wall |
| 9:45 | Build | Palisade Wall |
| 10:30 | Age | Feudal Age |
| 10:32 | Build | Market |
| 10:38 | Build | Blacksmith |
| 11:31 | Research | Castle Age |
| 12:03 | Build | Settlement |
| 12:50 | Build | House |
| 12:54 | Build | House |
| 12:55 | Build | House |
| 13:02 | Build | Palisade Wall |
| 13:28 | Build | Palisade Wall |
| 14:11 | Age | Castle Age |
| 14:15 | Build | Castle |
| 14:22 | Queue | Villager (Male) |
| 14:29 | Build | House |
| 14:31 | Build | House |
| 14:36 | Build | Palisade Wall |
| 14:37 | Build | Palisade Wall |
| 15:22 | Queue | Unit 2579 |
| 15:50 | Queue | Unit 2579 |
| 16:03 | Queue | Unit 2579 |
| 16:21 | Queue | Unit 2579 |
| 16:54 | Build | Palisade Wall |
| 16:58 | Build | Palisade Wall |
| 17:05 | Build | Settlement |
| 17:38 | Research | Fletching |
| 18:05 | Queue | Unit 2579 |
| 18:18 | Queue | Unit 2579 |
| 18:22 | Queue | Unit 2579 |
| 18:35 | Queue | Unit 2579 |
| 19:46 | Research | Bodkin Arrow |
| 20:06 | Queue | Unit 2579 |
| 20:27 | Queue | Unit 2579 |
| 20:39 | Queue | Villager (Male) |
| 20:40 | Queue | Unit 2579 |
| 20:53 | Build | Farm |
| 20:59 | Queue | Unit 2579 |
| 21:03 | Build | Farm |
| 21:04 | Build | Farm |
| 21:05 | Build | Farm |
| 21:06 | Build | Farm |
| 21:21 | Queue | Unit 2579 |
| 21:27 | Queue | Unit 2579 |
| 21:57 | Queue | Villager (Male) |
| 22:08 | Build | Farm |
| 22:14 | Queue | Unit 2579 |
| 22:38 | Queue | Villager (Male) |
| 22:43 | Queue | Unit 2579 |
| 22:43 | Queue | Unit 2579 |
| 23:02 | Queue | Villager (Male) |
| 23:21 | Build | Farm |
| 23:27 | Build | Monastery |
| 23:40 | Queue | Villager (Male) |
| 24:12 | Queue | Villager (Male) |
| 24:16 | Build | Farm |
| 24:19 | Queue | Monk |
| 24:33 | Queue | Villager (Male) |
| 24:44 | Build | Town Center |
| 24:48 | Queue | Unit 2579 |
| 24:52 | Queue | Unit 2579 |
| 25:01 | Queue | Unit 2579 |
| 25:03 | Queue | Villager (Male) |
| 25:27 | Queue | Villager (Male) |
| 25:29 | Build | Farm |
| 25:38 | Queue | Villager (Male) |
| 25:41 | Queue | Villager (Male) |
| 26:01 | Queue | Villager (Male) |
| 26:12 | Queue | Villager (Male) |
| 26:38 | Queue | Villager (Male) |
| 26:59 | Queue | Villager (Male) |
| 27:07 | Build | Town Center |
| 27:13 | Queue | Villager (Male) |
| 27:25 | Queue | Villager (Male) |
| 27:26 | Build | Farm |
| 27:28 | Build | Farm |
| 27:43 | Queue | Villager (Male) |
| 28:02 | Queue | Unit 2579 |
| 28:02 | Queue | Unit 2579 |
| 28:09 | Queue | Monk |
| 28:11 | Queue | Villager (Male) |
| 28:14 | Build | Farm |
| 28:26 | Queue | Unit 2579 |
| 28:27 | Queue | Unit 2579 |
| 28:27 | Queue | Villager (Male) |
| 28:34 | Queue | Villager (Male) |
| 28:38 | Build | Farm |
| 28:40 | Build | Farm |
| 28:40 | Build | Farm |
| 28:41 | Queue | Villager (Male) |
| 28:59 | Queue | Villager (Male) |
| 29:00 | Queue | Villager (Male) |
| 29:14 | Build | Farm |
| 29:20 | Queue | Unit 2579 |
| 29:22 | Queue | Villager (Male) |
| 29:26 | Build | Farm |
| 29:27 | Build | House |
| 29:33 | Queue | Villager (Male) |
| 29:40 | Queue | Unit 2579 |
| 29:45 | Queue | Villager (Male) |
| 29:48 | Research | Double-Bit Axe |
| 29:56 | Queue | Villager (Male) |
| 30:05 | Queue | Villager (Male) |
| 30:33 | Queue | Unit 2579 |
| 30:33 | Queue | Unit 2579 |
| 30:44 | Queue | Villager (Male) |
| 30:46 | Queue | Villager (Male) |
| 30:48 | Queue | Unit 2579 |
| 30:48 | Queue | Unit 2579 |
| 31:08 | Queue | Villager (Male) |
| 31:09 | Queue | Unit 2579 |
| 31:10 | Queue | Unit 2579 |
| 31:10 | Queue | Villager (Male) |
Match timeline
| 7:30 | Muzio · first_building Barracks |
| 7:45 | Muzio · wall_segment Palisade Wall x1 |
| 7:46 | Muzio · wall_segment Palisade Wall x1 |
| 7:47 | Muzio · wall_segment Palisade Wall x1 |
| 8:51 | Muzio · age_up feudal |
| 8:52 | Muzio · first_building Stable |
| 9:01 | Old Boris · wall_segment Palisade Wall x1 |
| 9:02 | Old Boris · wall_segment Palisade Wall x1 |
| 9:08 | Old Boris · wall_segment Palisade Wall x1 |
| 9:10 | Old Boris · wall_segment Palisade Wall x1 |
| 9:12 | Old Boris · wall_segment Palisade Wall x1 |
| 9:13 | Old Boris · wall_segment Palisade Wall x1 |
| 9:15 | Old Boris · wall_segment Palisade Wall x1 |
| 9:16 | Old Boris · wall_segment Palisade Wall x1 |
| 9:17 | Old Boris · wall_segment Palisade Wall x1 |
| 9:40 | Old Boris · wall_segment Palisade Wall x1 |
| 9:41 | Old Boris · wall_segment Palisade Wall x1 |
| 9:45 | Old Boris · wall_segment Palisade Wall x1 |
| 10:30 | Old Boris · age_up feudal |
| 11:26 | Old Boris · first_market_sell 100 stone |
| 13:02 | Old Boris · wall_segment Palisade Wall x1 |
| 13:28 | Old Boris · wall_segment Palisade Wall x1 |
| 14:03 | Old Boris · first_market_buy 100 stone |
| 14:11 | Old Boris · age_up castle |
| 14:15 | Old Boris · first_building Castle |
| 14:36 | Old Boris · wall_segment Palisade Wall x1 |
| 14:37 | Old Boris · wall_segment Palisade Wall x1 |
| 14:38 | Muzio · wall_segment Stone Wall x14 |
| 15:16 | Muzio · wall_segment Palisade Wall x7 |
| 15:39 | Muzio · wall_segment Stone Wall x5 |
| 16:25 | Muzio · wall_segment Stone Wall x6 |
| 16:54 | Old Boris · wall_segment Palisade Wall x1 |
| 16:58 | Old Boris · wall_segment Palisade Wall x1 |
| 17:11 | Muzio · wall_segment Stone Wall x6 |
| 18:37 | Muzio · wall_segment Stone Wall x1 |
| 20:52 | Muzio · wall_segment Stone Wall x1 |
| 20:59 | Muzio · age_up castle |
| 23:27 | Old Boris · first_building Monastery |
| 27:38 | Muzio · first_building Siege Workshop |
| 27:52 | Muzio · first_market_buy 100 food |
| 28:43 | Muzio · first_market_sell 100 wood |
| 31:18 | Old Boris · resign |
[ AI ANALYSIS · 1 CREDIT ]
What really happened in this match?
Wolo.gg analyzes every decision: build order, eco, micro, common mistakes by bracket. Personalized analysis on WhatsApp or Discord in 30 seconds.
Civ guide
Franks
Perfil
Muzio